 Dungeon Crawl Stone Soup version 0.23.0-3-gf3c87f2 (webtiles) character file.

Game seed: 8644510382387936805

5626 Miggles the Caller (level 10, -3/63 HPs)
             Began as an Octopode Wizard on Feb 23, 2019.
             Was a High Priest of Okawaru.
             Slain by a yak (8 damage)
             ... while petrified by a basilisk
             ... on level 10 of the Dungeon.
             The game lasted 01:07:29 (15672 turns).

Miggles the Caller (Octopode Wizard)               Turns: 15672, Time: 01:07:30

Health: -3/63      AC:  1    Str:  8    XL:     10   Next: 74%
Magic:  9/18       EV:  2    Int: 20    God:    Okawaru [*****.]
Gold:   738        SH:  0    Dex: 13    Spells: 1/19 levels left

rFire    . . .     SeeInvis .   e - +0 dagger (venom)
rCold    . . .     Gourm    .   w - +0 buckler
rNeg     + + +     Faith    +   a - +0 hat
rPois    ∞         Spirit   .   B - amulet of faith
rElec    .         Reflect  .   x - +1 ring of slaying
rCorr    .         Harm     .   G - ring of flight
MR       .....                  (no ring)
Stlth    +++.......             (no ring)
HPRegen  0.20/turn              (no ring)
MPRegen  0.16/turn              (no ring)
                                (no ring)
                                (no ring)

@: petrified
A: almost no armour, stealthy swim, amphibious, 8 rings, constrict 8, camouflage
1, gelatinous body 1
a: Heroism, Finesse, Renounce Religion, Evoke Flight


You were on level 10 of the Dungeon.
You worshipped Okawaru.
Okawaru was extremely pleased with you.
You were not hungry.

You visited 2 branches of the dungeon, and saw 11 of its levels.
You also visited: Sewer.

You collected 738 gold pieces.

Inventory:

Hand Weapons
 d - a +0 club
 e - a +0 dagger of venom (weapon)
 i - a +0 short sword
 y - a +0 trident
 H - a +1 short sword of holy wrath
 I - a cursed +2 spear
 K - a +4 hand axe
Missiles
 h - 174 stones (quivered)
 n - 47 poisoned needles
 q - 4 tomahawks
 J - 6 curare-tipped needles
Armour
 a - a +0 hat (worn)
 w - a +0 buckler (worn)
Jewellery
 p - an uncursed amulet of the acrobat
 x - a +1 ring of slaying (left tentacle)
 B - an amulet of faith (around mantle)
 G - a ring of flight (right tentacle)
Wands
 u - a wand of digging (8)
 D - a wand of acid (8)
Scrolls
 f - 2 scrolls of remove curse
 g - 2 scrolls of amnesia
 j - 2 scrolls of fog
 l - 2 scrolls of enchant armour {unknown}
 m - 2 scrolls of magic mapping {unknown}
 o - 3 scrolls of blinking
 r - 3 scrolls of teleportation {unknown}
 t - a scroll of fear {unknown}
 A - 3 scrolls of enchant weapon {unknown}
 L - a scroll of immolation {unknown}
Potions
 b - 3 potions of invisibility
 k - a potion of curing {unknown}
 s - 2 potions of lignification
 v - a potion of brilliance {unknown}
 z - 5 potions of heal wounds
 C - a potion of berserk rage {unknown}
 E - 3 potions of haste
Comestibles
 c - 22 rations


   Skills:
 + Level 3.3 Fighting
 - Level 3.0 Short Blades
 - Level 3.0 Dodging
 - Level 2.6 Stealth
 * Level 3.8 Shields
 + Level 5.4 Spellcasting
 * Level 5.9 Conjurations
 - Level 3.0 Hexes
 - Level 7.0 Summonings
 - Level 3.0 Translocations
 * Level 5.9 Fire Magic
 * Level 4.5 Air Magic
 - Level 4.0 Poison Magic


You had one spell level left.
You knew the following spells:

 Your Spells              Type           Power        Failure   Level  Hunger
a - Magic Dart            Conj           ####         1%          1    None
b - Blink                 Tloc           N/A          4%          2    None
c - Call Imp              Summ           ####....     1%          2    None
d - Conjure Flame         Conj/Fire      ####....     3%          3    ##.....
e - Mephitic Cloud        Conj/Pois/Air  ###.....     4%          3    ##.....
f - Poisonous Vapours     Pois/Air       ###...       3%          2    None
g - Confusing Touch       Hex            ###...       3%          1    None
h - Summon Lightning Spi  Summ/Air       ####....     11%         4    ####...

Your spell library contained the following spells:

 Spells                   Type           Power        Failure   Level  Hunger
 Summon Small Mammal      Summ           ####         1%          1    None
 Call Canine Familiar     Summ           ####....     1%          3    ##.....
 Slow                     Hex            ###.....     4%          2    None
 Summon Guardian Golem    Hex/Summ       ####....     4%          3    ##.....
 Confuse                  Hex            ###.....     10%         3    ##.....
 Gell's Gravitas          Tloc           ###.......   10%         3    ##.....
 Summon Ice Beast         Ice/Summ       ###.....     26%         4    ####...
 Petrify                  Tmut/Erth      #.......     73%         4    ####...
 Metabolic Englaciation   Hex/Ice        ##........   86%         5    #####..
 Yara's Violent Unravell  Hex/Tmut       ##........   86%         5    #####..
 Freezing Cloud           Conj/Ice/Air   ###.......   99%         6    #######
 Ring of Flames           Chrm/Fire      ###.......   100%        7    #######


Dungeon Overview and Level Annotations

Branches:
Dungeon (10/15)            Temple (1/1) D:4            Lair (0/6) D:10
    Orc: D:9-12

Altars:
Ashenzari
Cheibriados
Dithmenos
Elyvilon
Fedhas
Gozag
Hepliaklqana
Kikubaaqudgha
Makhleb
Nemelex Xobeh
Okawaru
Qazlal
Ru
Sif Muna
Trog
Uskayaw
Vehumet
Wu Jian
Xom
Yredelemnul
Zin
The Shining One

Shops:
D:7 (

Annotations:
D:3 3 runed translucent doors, p0werm0de's ghost, weakling DsWn
D:4 exclusion: downstairs
D:6 2 transporters, exclusion: downstairs, Graouh's ghost, amateur MiFi
D:7 exclusion: downstairs
D:8 exclusion: 2 downstairs


Innate Abilities, Weirdness & Mutations

You cannot wear most types of armour.
You are very stealthy in the water. (Stealth+)
You are amphibious.
You can wear up to eight rings at the same time.
You can use your tentacles to constrict eight enemies at once.
Your skin changes colour to match your surroundings (Stealth+).
Your rubbery body absorbs attacks. (AC +1, EV +1)


Message History

The yak looks even sicker.
The yak gores you!
Your lightning spire shoots out a bolt of lightning at the yak!
The bolt of electricity hits the yak!
You have turned to stone.
The yak gores you. The yak gores your lightning spire!
Your lightning spire shoots out a bolt of lightning at the yak!
The bolt of electricity hits the yak!
The yak dies!
Okawaru accepts your kill.
The yak snorts and paws the ground.
The yak gores you! The crocodile bites you.
Your lightning spire shoots out a bolt of lightning at the basilisk!
The bolt of electricity hits the basilisk!
The yak completely misses you. The yak gores you! x2
* * * LOW HITPOINT WARNING * * *
The crocodile bites you!!
* * * LOW HITPOINT WARNING * * *
Your lightning spire shoots out a bolt of lightning at the basilisk!
The bolt of electricity hits the basilisk!
The yak gores you!
You die...

..........#.######÷#####
......♣...P.?......#
........P............#
...>........#####..#.#
............# #..#.#
.........P..# #..#.###
.....l...P# #..#....
......tYY.#.# #..#####
♣..(...@Y...# #..#
......8.###.#
#.........#.#
.....##.....#
.....##.#.#.#
####........# ####.#.#.#
#<....# ###.###


You could see 3 yaks, a basilisk, a crocodile and a friendly lightning spire.

Vanquished Creatures
  A troll (D:9)
  4 hogs
  A human (D:9)
  A hungry ghost (D:9)
  A wyvern (D:9)
  3 porcupines (D:10)
  An ice beast (D:9)
  A sky beast (D:7)
  3 ogres
  A crocodile (D:10)
  4 centaurs
  2 big kobolds (D:9)
  6 bullfrogs
  5 scorpions
  5 killer bees (D:7)
  3 wights (D:9)
  A howler monkey (D:10)
  2 crimson imps
  2 jellies
  5 orc priests
  A quasit (D:6)
  2 bullfrog skeletons
  4 hounds
  5 orc wizards
  A centaur skeleton (D:4)
  2 iguanas
  4 worker ants
  A worker ant zombie (D:9)
  8 adders
  A shadow imp (D:7)
  5 oozes (Sewer)
  3 adder zombies
  6 worms
  3 dart slugs
  10 leopard geckos
  16 orcs
  10 ball pythons
  2 bats
  18 giant cockroaches
  10 goblins
  9 hobgoblins
  10 jackals
  8 quokkas
  13 frilled lizards
  16 kobolds
  A leopard gecko skeleton (D:5)
  A quokka skeleton (D:6)
  17 rats
239 creatures vanquished.

Vanquished Creatures (collateral kills)
  Erolcha (D:10)
  A yak (D:10)
  A hungry ghost (D:7)
  3 ogres (D:4)
  A bullfrog (Sewer)
  A scorpion (D:4)
  A howler monkey (D:5)
  A bullfrog zombie (D:5)
  A jelly (D:8)
  2 orc wizards (D:5)
  6 adders
  A river rat (D:3)
  4 oozes (Sewer)
  A worm (D:2)
  3 leopard geckos (Sewer)
  2 orcs
  2 giant cockroaches (Sewer)
  4 jackals (D:4)
  4 ball pythons (Sewer)
  A bat (D:3)
  3 frilled lizards (Sewer)
  A leopard gecko skeleton (D:8)
45 creatures vanquished.

Vanquished Creatures (others)
  A bush (D:10)
  3 fungi (D:10)
  13 plants (D:10)
17 creatures vanquished.

Grand Total: 301 creatures vanquished

Notes
Turn   | Place    | Note
-------+----------+-------------------------------------------
     0 | D:1      | Miggles the Octopode Wizard began the quest for the Orb.
     0 | D:1      | Reached XP level 1. HP: 11/11 MP: 4/4
   229 | D:1      | Reached XP level 2. HP: 16/17 MP: 0/6
   237 | D:1      | Learned a level 2 spell: Blink
   240 | D:1      | Learned a level 2 spell: Call Imp
  1124 | D:1      | Reached XP level 3. HP: 21/21 MP: 4/8
  1180 | D:1      | Found a snail-covered altar of Cheibriados.
  1601 | D:1      | Learned a level 3 spell: Conjure Flame
  2218 | D:2      | Reached XP level 4. HP: 15/27 MP: 4/9
  3100 | D:3      | Found a glowing drain.
  3109 | D:3      | Reached skill level 2 in Summonings
  3124 | Sewer    | Entered a sewer
  3236 | Sewer    | Reached XP level 5. HP: 27/32 MP: 7/10
  3665 | Sewer    | Reached skill level 1 in Short Blades
  3882 | Sewer    | Reached skill level 1 in Fire Magic
  4901 | Sewer    | Reached skill level 1 in Fighting
  4901 | Sewer    | Reached skill level 3 in Summonings
  4901 | Sewer    | Reached XP level 6. HP: 27/38 MP: 7/12
  5066 | D:3      | Learned a level 3 spell: Mephitic Cloud
  5341 | D:3      | Found a runed translucent gate.
  5342 | D:3      | Found a runed translucent gate.
  5343 | D:3      | Found a runed translucent gate.
  5344 | D:3      | Noticed p0werm0de's ghost (weakling DsWn)
  5915 | D:4      | Reached XP level 7. HP: 4/43 MP: 13/13
  6250 | D:4      | Found a staircase to the Ecumenical Temple.
  6259 | Temple   | Entered the Ecumenical Temple
  6376 | Temple   | Became a worshipper of Warmaster Okawaru
  6565 | D:4      | Reached skill level 1 in Poison Magic
  6858 | D:4      | Reached skill level 1 in Air Magic
  7101 | D:5      | Entered Level 5 of the Dungeon
  7182 | D:5      | Learned a level 2 spell: Poisonous Vapours
  7184 | D:5      | Learned a level 1 spell: Confusing Touch
  7516 | D:5      | Reached skill level 4 in Summonings
  7580 | D:5      | Reached * piety under Okawaru
  7580 | D:5      | Reached XP level 8. HP: 40/48 MP: 11/14
  7903 | D:5      | Noticed a moth of wrath
  7906 | D:5      | Found a bloodstained altar of Trog.
  8227 | D:5      | Reached skill level 1 in Hexes
  8478 | D:6      | Reached ** piety under Okawaru
  8685 | D:6      | Found a transporter.
  8689 | D:6      | Found a transporter.
  8691 | D:6      | Noticed a hornet
  8691 | D:6      | Noticed Graouh's ghost (amateur MiFi)
  9550 | D:7      | Found a sacrificial altar of Ru.
  9564 | D:7      | Reached skill level 5 in Summonings
  9904 | D:7      | Found Xauc Lep's Weapon Shoppe.
 10197 | D:7      | Reached XP level 9. HP: 54/54 MP: 11/15
 10233 | D:7      | Reached skill level 1 in Shields
 10756 | D:7      | Reached *** piety under Okawaru
 11635 | D:8      | Found a hazy altar of Hepliaklqana.
 11638 | D:8      | Found a blossoming altar of Fedhas.
 11641 | D:8      | Found a sacrificial altar of Ru.
 11644 | D:8      | Found a stormy altar of Qazlal.
 12586 | D:9      | Reached **** piety under Okawaru
 12586 | D:9      | Reached skill level 6 in Summonings
 12871 | D:8      | Reached XP level 10. HP: 28/62 MP: 0/16
 13050 | D:9      | Reached skill level 5 in Fire Magic
 13725 | D:9      | Reached skill level 5 in Conjurations
 14529 | D:10     | Entered Level 10 of the Dungeon
 14934 | D:10     | Reached ***** piety under Okawaru
 15372 | D:10     | Learned a level 4 spell: Summon Lightning Spire
 15381 | D:10     | Noticed Erolcha
 15402 | D:10     | Killed Erolcha
 15402 | D:10     | Reached skill level 5 in Spellcasting
 15530 | D:9      | Reached skill level 7 in Summonings
 15663 | D:10     | Found a staircase to the Lair.
 15672 | D:10     | Slain by a yak

Skill      XL: |  1  2  3  4  5  6  7  8  9 10 |
---------------+-------------------------------+-----
Summonings     | 2 3 4 5 6 7 |  7.0
Short Blades   | 1 2 3 |  3.0
Fire Magic     | 1 2 3 4 5 |  5.9
Spellcasting   | 4 5 |  5.4
Fighting       | 1 2 3 |  3.3
Conjurations   | 2 3 4 5 |  5.9
Translocations | 2 3 |  3.0
Poison Magic   | 1 3 4 |  4.0
Air Magic      | 1 3 4 |  4.5
Dodging        | 3 |  3.0
Hexes          | 2 3 |  3.0
Shields        | 3 |  3.8
Stealth        | |  2.6

Action                   |  1- 3 |  4- 6 |  7- 9 | 10-12 || total
-------------------------+-------+-------+-------+-------++-------
Melee: Club              |    30 |       |       |       ||    30
       Constrict         |    11 |    41 |    40 |     9 ||   101
       Tentacles         |     9 |    23 |    39 |     7 ||    78
       Short sword       |    16 |   178 |    74 |       ||   268
       Dagger            |       |       |   122 |    53 ||   175
 Cast: Magic Dart        |    72 |    53 |    35 |    63 ||   223
       Call Imp          |     4 |    33 |    42 |     1 ||    80
       Blink             |     1 |     1 |     8 |    10 ||    20
       Poisonous Vapours |       |       |   108 |    45 ||   153
       Mephitic Cloud    |       |       |     3 |     1 ||     4
       Confusing Touch   |       |       |     2 |     1 ||     3
       Conjure Flame     |       |       |     1 |     8 ||     9
       Summon Lightning  |       |       |       |     5 ||     5
Invok: Heroism           |       |       |     1 |       ||     1
  Use: Scroll            |       |       |     8 |     3 ||    11
 Stab: Sleeping          |       |    15 |     5 |       ||    20
       Confused          |       |       |     1 |     2 ||     3
  Eat: Chunk             |     4 |    12 |    17 |     5 ||    38
       Ration            |       |       |     3 |     2 ||     5
Armor: Skin              |     3 |    14 |    16 |     2 ||    35
Dodge: Dodged            |    32 |   113 |   154 |    37 ||   336
Block: Buckler           |       |       |    27 |     6 ||    33
